Map: Dusk Towers

Players

State - Winner!

  • Race: Protoss Protoss
  • League: Grandmaster

lIlIlIlIlI

  • Race: Zerg Zerg
  • League: Grandmaster

VOD

Have the link to the VOD?

Description

Time

  • Played on: Jan. 13, 2016, 2:51 a.m.
  • Length: 10:55
Show
View Real Time Build Order
Export as new Build Order

State Protoss - Winner!

Build Orders: Nexus First 

Get SALT Encoding   

  12  0:00  Probe (Chrono Boost)  
  13  0:11  Probe (Chrono Boost)  
  14  0:18  Pylon  
  14  0:22  Probe (Chrono Boost)  
  15  0:36  Probe (Chrono Boost)  
  16  0:47  Probe (Chrono Boost)  
  17  1:00  Nexus  
  17  1:01  Probe (Chrono Boost)  
  18  1:11  Gateway  
  18  1:14  Probe (Chrono Boost)  
  19  1:18  Assimilator  
  19  1:23  Assimilator  
  19  1:26  Probe (Chrono Boost)  
  20  1:37  Probe (Chrono Boost)  
  20  1:39  Gateway  
  21  1:47  Probe (Chrono Boost)  
  22  1:58  Probe (Chrono Boost)  
  23  2:02  Cybernetics Core  
  23  2:11  Probe (Chrono Boost)  
  23  2:12  Probe (Chrono Boost)  
  25  2:22  Probe x2 (Chrono Boost)  
  27  2:32  Probe (Chrono Boost)  
  27  2:33  Probe (Chrono Boost)  
  29  2:38  Pylon  
  29  2:39  Adept x2 (Chrono Boost)  
  29  2:40  Warp Gate  
  29  2:43  Probe  
  34  2:44  Probe  
  35  2:55  Probe  
  35  2:56  Probe  
  37  3:03  Adept x2 (Chrono Boost)  
  41  3:07  Probe  
  41  3:08  Probe  
  41  3:10  Pylon  
  44  3:20  Probe x2  
  45  3:27  Nexus  
  45  3:32  Probe x2  
  47  3:35  Pylon  
  47  3:44  Probe x2 (Chrono Boost)  
  47  3:46  Gateway  
  47  3:48  Gateway  
  49  3:55  Sentry x2 (Chrono Boost)  
  53  3:56  Probe (Chrono Boost)  
  53  3:57  Assimilator  
  53  3:59  Probe (Chrono Boost), Assimilator  
  55  4:06  Stargate  
  55  4:09  Stargate  
  55  4:11  Probe (Chrono Boost)  
  55  4:14  Probe (Chrono Boost)  
  57  4:17  Pylon  
  57  4:22  Probe (Chrono Boost)  
  58  4:25  Probe (Chrono Boost)  
  59  4:33  Probe (Chrono Boost)  
  59  4:36  Mothership Core (Chrono Boost)  
  62  4:41  Probe (Chrono Boost)  
  62  4:44  Probe (Chrono Boost)  
  64  4:52  Probe (Chrono Boost)  
  65  4:53  Adept x3  
  65  4:54  Probe (Chrono Boost), Adept  
  65  4:55  Probe (Chrono Boost)  
  65  4:57  Phoenix x2 (Chrono Boost)  
  71  5:03  Probe  
  71  5:04  Probe, Pylon  
  71  5:06  Probe  
  74  5:14  Probe, Assimilator  
  74  5:15  Probe  
  74  5:18  Probe, Assimilator  
  74  5:20  Phoenix (Chrono Boost)  
  81  5:21  Phoenix (Chrono Boost)  
  81  5:25  Probe  
  81  5:27  Probe  
  83  5:29  Pylon  
  83  5:30  Probe  
  84  5:35  Probe  
  84  5:41  Probe  
  84  5:42  Twilight Council, Probe  
  86  5:43  Forge  
  86  5:48  Phoenix x2 (Chrono Boost)  
  91  5:50  Probe  
  92  6:00  Pylon x2  
  92  6:02  Zealot x4  
  100  6:15  Probe  
  100  6:16  Probe  
  100  6:18  Phoenix x2 (Chrono Boost)  
  106  6:23  Gateway  
  106  6:24  Gateway  
  106  6:26  Gateway  
  106  6:29  Probe  
  106  6:31  Probe, Protoss Ground Weapons Level 1  
  108  6:33  Charge  
  108  6:43  Robotics Facility  
  108  6:44  Robotics Facility  
  108  6:57  Zealot x4  
  108  7:00  Pylon x2  
  116  7:02  Pylon  
  116  7:07  Photon Cannon  
  116  7:08  Pylon  
  116  7:11  Gateway  
  116  7:12  Templar Archives  
  116  7:14  Gateway  
  116  7:20  Zealot  
  116  7:21  Zealot x3  
  124  7:23  Probe  
  124  7:24  Probe  
  126  7:30  Pylon  
  126  7:32  Pylon  
  120  7:45  Void Ray (Chrono Boost)  
  120  7:46  Void Ray (Chrono Boost)  
  120  7:48  Probe  
  120  7:50  Probe  
  116  8:00  Zealot x6  
  116  8:01  Immortal x2 (Chrono Boost), Zealot  
  136  8:19  Zealot  
  132  8:20  Zealot  
  132  8:25  Zealot x4  
  142  8:27  High Templar  
  142  8:28  High Templar  
  146  8:34  Immortal (Chrono Boost), Warp Prism (Chrono Boost)  
  146  8:35  Protoss Ground Weapons Level 2 (Chrono Boost)  
  146  8:39  Archon  
  146  8:41  High Templar x2  
  154  8:44  Pylon  
  154  8:46  Pylon  
  154  8:48  Pylon, High Templar x4  
  160  8:49  Archon  
  160  8:52  Archon  
  160  8:53  Archon  
  164  9:01  Gateway x2  
  164  9:03  Gateway  
  164  9:05  Zealot, High Templar x2  
  164  9:09  Archon  
  170  9:12  Observer x2  
  172  9:20  Nexus  
  172  9:22  Pylon  
  172  9:23  Zealot  
  172  9:24  Zealot x5  
  184  9:41  High Templar  
  184  9:42  High Templar x2  
  184  9:44  Zealot x2, High Templar  
  196  9:46  Archon  
  196  9:48  Archon  
  196  9:50  Pylon x2  
  196  10:04  Observer  
  196  10:05  Observer  
  176  10:23  Zealot x5  
  176  10:24  Zealot x4  
  175  10:43  Zealot x2  
  175  10:46  Zealot x6  
  191  10:52  Zealot x4  
Show
View Real Time Build Order
Export as new Build Order

lIlIlIlIlI Zerg 

Build Orders: Hatch First, Lurkers 

Get SALT Encoding   

  12  0:01  Drone  
  13  0:13  Overlord  
  13  0:17  Drone  
  14  0:31  Drone x2  
  16  0:36  Drone  
  17  0:55  Hatchery, Drone  
  17  0:58  Drone  
  18  1:12  Spawning Pool  
  18  1:15  Drone  
  18  1:19  Drone  
  19  1:37  Hatchery  
  19  1:39  Drone  
  19  1:42  Drone  
  20  1:59  Zergling x2  
  20  2:01  Zergling x2  
  22  2:06  Queen  
  22  2:07  Queen  
  26  2:11  Drone  
  26  2:14  Drone  
  28  2:18  Extractor  
  28  2:22  Drone  
  28  2:24  Overlord  
  28  2:43  Drone  
  28  2:44  Drone x3, Queen  
  32  2:49  Drone  
  35  2:52  Drone  
  36  3:00  Overlord  
  36  3:02  Drone x2  
  38  3:07  Drone  
  39  3:13  Drone  
  39  3:14  Drone  
  39  3:16  Drone  
  39  3:19  Metabolic Boost  
  42  3:21  Drone x4  
  42  3:22  Drone  
  42  3:24  Drone  
  48  3:39  Extractor  
  47  3:44  Hatchery  
  47  3:45  Zergling x6  
  50  3:54  Extractor  
  50  3:55  Lair  
  49  3:56  Overlord  
  49  3:57  Overlord  
  49  3:58  Overlord  
  49  4:17  Drone x8  
  50  4:23  Zergling x14  
  64  4:29  Overlord  
  64  4:30  Overlord, Drone x2  
  65  4:35  Drone  
  66  4:40  Drone x3  
  69  4:47  Roach Warren  
  69  4:48  Evolution Chamber, Overlord  
  69  4:51  Drone  
  69  4:52  Drone  
  67  4:57  Infestation Pit  
  67  4:58  Drone x3  
  68  5:06  Drone  
  70  5:07  Drone x5  
  73  5:20  Zerg Missile Weapons Level 1  
  73  5:22  Overlord, Extractor x2  
  73  5:24  Extractor  
  73  5:25  Drone x3, Extractor  
  73  5:26  Drone x3  
  73  5:28  Drone  
  76  5:31  Queen  
  76  5:32  Queen  
  80  5:43  Overlord x2  
  80  5:44  Overlord  
  80  5:48  Pneumatized Carapace  
  80  5:53  Spore Crawler  
  79  6:02  Drone x3, Glial Reconstitution  
  82  6:05  Spore Crawler  
  82  6:08  Spore Crawler  
  80  6:11  Drone x2  
  80  6:12  Drone x2  
  80  6:14  Spore Crawler, Drone  
  80  6:15  Drone x2  
  83  6:20  Pathogen Glands  
  83  6:24  Drone x2  
  85  6:25  Hydralisk Den  
  85  6:32  Spore Crawler  
  83  6:41  Hive  
  83  6:43  Drone  
  83  6:45  Drone, Overlord x2  
  83  6:46  Evolution Chamber, Overlord  
  84  6:49  Hatchery  
  81  6:56  Infestor x4  
  81  6:57  Infestor  
  93  7:01  Roach x3  
  93  7:02  Roach  
  93  7:04  Roach  
  93  7:06  Roach  
  103  7:11  Roach  
  103  7:12  Roach x2  
  108  7:18  Roach x4  
  108  7:20  Roach x2  
  120  7:24  Roach  
  120  7:25  Overlord, Roach x2  
  120  7:26  Roach  
  127  7:31  Roach x2  
  127  7:32  Roach  
  133  7:38  Roach  
  130  8:00  Hatchery  
  130  8:01  Lurker Den  
  130  8:02  Zerg Ground Armor Level 1  
  130  8:03  Zerg Melee Weapons Level 1  
  128  8:13  Adrenal Glands  
  125  8:20  Extractor  
  125  8:22  Extractor  
  119  8:30  Hydralisk x4  
  119  8:32  Drone x3  
  119  8:33  Drone x4  
  119  8:34  Drone x4  
  138  8:45  Overlord  
  138  8:46  Ultralisk Cavern  
  135  8:52  Overlord x2  
  133  8:59  Drone x3  
  136  9:05  Overlord x3  
  136  9:10  Spine Crawler  
  136  9:11  Spine Crawler x2  
  136  9:12  Spine Crawler x2  
  136  9:14  Overlord  
  136  9:15  Overlord  
  125  9:28  Lurker  
  125  9:29  Lurker x3  
  123  9:32  Spine Crawler  
  123  9:33  Spore Crawler  
  123  9:34  Hydralisk x3  
  123  9:35  Spine Crawler, Zergling x2  
  123  9:36  Chitinous Plating, Spore Crawler, Spine Crawler  
  123  9:37  Ultralisk x2  
  131  9:54  Ultralisk x2  
  141  10:17  Lurker  
  141  10:18  Lurker  
  106  10:29  Zergling x16  
  106  10:30  Hydralisk, Zergling x8  
  106  10:33  Lurker  
  105  10:37  Zergling x8  
Tags
 
Add a new tag
Caveats
  • Supply blocks, unpowered buildings, or Contaminate may cause inaccurate times.
  • Supply counts are checked every 10 seconds.